Map: Echo LE (Void)

Players

AgCl

  • Race: Protoss Protoss

MrTrenbolon - Winner!

  • Race: Zerg Zerg

VOD

Have the link to the VOD?

Description

Time

  • Played on: May 1, 2015, 9:02 a.m.
  • Length: 11:17
Show
View Real Time Build Order
Export as new Build Order

AgCl Protoss 

Build Orders: 1 Gate Expand 

Get SALT Encoding   

  12  0:02  Probe  
  13  0:17  Probe  
  13  0:20  Pylon  
  14  0:40  Probe  
  14  0:41  Gateway  
  15  0:50  Assimilator  
  15  0:52  Probe  
  16  1:05  Probe  
  17  1:17  Probe  
  18  1:27  Nexus  
  18  1:30  Probe  
  19  1:53  Cybernetics Core  
  19  2:00  Probe (Chrono Boost)  
  20  2:05  Gateway  
  20  2:12  Assimilator  
  20  2:13  Probe (Chrono Boost)  
  21  2:20  Probe (Chrono Boost)  
  22  2:33  Pylon, Warp Gate (Chrono Boost)  
  22  2:39  Pylon, Zealot  
  24  2:46  Probe x2 (Chrono Boost)  
  26  2:56  Mothership Core (Chrono Boost), Probe (Chrono Boost)  
  29  3:03  Probe  
  29  3:05  Zealot  
  32  3:12  Probe (Chrono Boost)  
  33  3:16  Probe (Chrono Boost)  
  34  3:22  Stargate  
  34  3:23  Probe (Chrono Boost)  
  34  3:26  Probe (Chrono Boost)  
  36  3:30  Probe (Chrono Boost)  
  36  3:33  Probe  
  38  3:40  Assimilator  
  38  3:41  Probe  
  35  3:56  Probe  
  37  4:07  Probe  
  37  4:08  Void Ray (Chrono Boost)  
  38  4:27  Assimilator  
  38  4:29  Pylon  
  37  4:31  Nexus  
  37  4:39  Gateway  
  37  4:41  Gateway, Pylon  
  37  4:49  Void Ray (Chrono Boost)  
  38  5:06  Zealot  
  41  5:10  Probe (Chrono Boost)  
  41  5:11  Pylon  
  39  5:27  Fleet Beacon  
  39  5:32  Oracle (Chrono Boost)  
  39  5:33  Stargate  
  42  5:46  Mothership Core (Chrono Boost)  
  42  5:48  Probe x2 (Chrono Boost)  
  48  5:58  Probe x2 (Chrono Boost)  
  48  6:00  Probe (Chrono Boost)  
  49  6:04  Carrier (Chrono Boost)  
  49  6:07  Probe  
  49  6:08  Probe, Zealot  
  49  6:10  Stalker  
  57  6:31  Probe (Chrono Boost)  
  57  6:32  Probe (Chrono Boost)  
  60  6:36  Probe (Chrono Boost)  
  60  6:39  Assimilator  
  61  6:42  Probe x2 (Chrono Boost)  
  61  6:45  Probe (Chrono Boost), Void Ray (Chrono Boost)  
  67  6:48  Probe  
  67  6:49  Probe  
  69  6:57  Zealot  
  69  6:58  Zealot  
  73  7:09  Gateway  
  73  7:15  Probe (Chrono Boost)  
  74  7:17  Probe (Chrono Boost), Protoss Air Weapons Level 1 (Chrono Boost)  
  74  7:18  Zealot  
  74  7:19  Zealot  
  64  7:41  Zealot x2  
  64  7:42  Pylon  
  59  7:52  Probe (Chrono Boost)  
  58  8:01  Forge  
  58  8:03  Graviton Catapult (Chrono Boost)  
  58  8:22  Probe (Chrono Boost)  
  61  8:28  Probe x2 (Chrono Boost)  
  61  8:33  Probe (Chrono Boost)  
  63  8:46  Twilight Council  
Show
View Real Time Build Order
Export as new Build Order

MrTrenbolon Zerg - Winner!

Build Orders: Pool First, Ravager All-In 

Get SALT Encoding   

  12  0:02  Drone  
  13  0:24  Extractor  
  12  0:31  Drone, Spawning Pool  
  12  0:37  Overlord  
  12  0:41  Drone  
  13  0:48  Drone  
  14  0:58  Drone  
  15  1:11  Drone  
  16  1:17  Queen  
  18  1:19  Zergling x2  
  19  1:27  Drone  
  20  1:43  Roach Warren  
  20  1:45  Drone  
  20  2:02  Overlord  
  20  2:04  Drone  
  21  2:26  Roach x2  
  25  2:31  Overlord  
  25  2:33  Roach x2  
  33  2:51  Roach x2  
  33  3:02  Roach x2  
  37  3:11  Hatchery  
  36  3:21  Ravager x2  
  37  3:28  Overlord  
  37  3:31  Drone  
  36  3:55  Ravager x2  
  37  4:29  Queen  
  37  4:30  Drone x10  
  49  4:40  Ravager  
  50  4:50  Extractor  
  46  5:04  Roach x2  
  40  5:17  Extractor  
  40  5:18  Drone x7, Extractor  
  40  5:19  Drone x2  
  40  5:20  Ravager x2  
  47  5:33  Spore Crawler  
  48  5:35  Ravager x2  
  48  5:39  Overlord  
  48  5:40  Overlord  
  48  5:51  Overlord x3  
  48  5:57  Queen x2  
  49  6:05  Metabolic Boost  
  49  6:07  Zergling x16  
  57  6:24  Drone x3  
  52  6:33  Burrow  
  52  6:41  Drone x4  
  52  6:42  Drone x2  
  52  6:44  Hatchery  
  57  6:49  Spore Crawler  
  56  7:05  Spore Crawler, Spine Crawler  
  56  7:07  Queen  
  55  7:13  Roach  
  55  7:14  Roach x7  
  69  7:18  Drone x2  
  69  7:19  Drone  
  68  7:55  Drone x4  
  68  7:56  Overlord  
  71  8:00  Overlord x3  
  71  8:02  Hatchery  
  71  8:05  Drone x3  
  72  8:12  Ravager x8  
  81  8:16  Zergling x6  
  81  8:17  Zergling x4  
  86  8:37  Overlord x2  
  86  8:39  Zergling x2  
  87  8:45  Zergling x2  
  87  8:46  Zergling x6  
  89  9:05  Zergling x4  
  89  9:06  Zergling x8  
  87  9:11  Queen  
  87  9:13  Zergling x8  
  87  9:16  Spore Crawler x2  
  92  9:17  Spore Crawler  
  92  9:19  Spore Crawler  
  92  9:20  Spore Crawler  
  58  10:01  Hatchery  
  54  10:08  Drone x10  
  62  10:33  Queen x2  
  65  10:40  Spore Crawler  
  64  10:43  Spore Crawler  
  64  10:49  Spore Crawler  
  60  10:50  Spore Crawler  
  60  10:55  Drone x3  
Tags
 
Add a new tag
Caveats
  • Supply blocks, unpowered buildings, or Contaminate may cause inaccurate times.
  • Supply counts are checked every 10 seconds.